 Dungeon Crawl Stone Soup version 0.23-a0-635-g88ca12a (webtiles) character file.

193 pmoppi the Sneak (level 5, 0/31 HPs)
             Began as an Octopode Wizard on Dec 27, 2018.
             Slain by an orc
             ... wielding a +0 falchion
              (8 damage)
             ... on level 3 of the Dungeon.
             The game lasted 00:10:15 (5076 turns).

pmoppi the Sneak (Octopode Wizard)                  Turns: 5076, Time: 00:10:16

Health: 0/31       AC:  1    Str:  7    XL:     5   Next: 72%
Magic:  1/10       EV: 13    Int: 21    God:
Gold:   166        SH:  0    Dex: 10    Spells: 3/11 levels left

rFire    . . .     SeeInvis .   b - +0 spear
rCold    . . .     Gourm    .   (no shield)
rNeg     . . .     Faith    .   i - +0 hat
rPois    .         Spirit   .   (no amulet)
rElec    .         Reflect  .   (no ring)
rCorr    .         Harm     .   (no ring)
MR       .....                  (no ring)
Stlth    +++.......             (no ring)
HPRegen  0.10/turn              (no ring)
MPRegen  0.12/turn              (no ring)
                                (no ring)
                                (no ring)

@: very slightly contaminated
A: almost no armour, stealthy swim, amphibious, 8 rings, constrict 8, camouflage
1, gelatinous body 1
a: no special abilities


You were on level 3 of the Dungeon.
You were not hungry.

You visited 1 branch of the dungeon, and saw 3 of its levels.

You collected 166 gold pieces.

Inventory:

Hand Weapons
 a - a +0 short sword of venom
 b - a +0 spear (weapon)
Missiles
 h - 129 stones (quivered)
Armour
 i - a +0 hat (worn)
Wands
 o - a wand of disintegration (11)
Scrolls
 k - a scroll of fear {unknown}
 m - 2 scrolls of identify {unknown}
 p - a scroll of remove curse {unknown}
 q - a scroll of immolation {unknown}
 r - a scroll of magic mapping {unknown}
 s - 3 scrolls of noise {unknown}
Potions
 d - a potion of agility {unknown}
 f - a potion of invisibility {unknown}
 g - 2 potions of haste {unknown}
 j - a potion of mutation {unknown}
 l - a potion of heal wounds {unknown}
Comestibles
 c - 2 rations
 n - 3 chunks of flesh


   Skills:
 + Level 2.8 Dodging
 + Level 4.0 Stealth
 + Level 3.6 Spellcasting
 * Level 2.9 Conjurations
 * Level 2.6 Summonings
 - Level 1.0 Translocations


You had 3 spell levels left.
You knew the following spells:

 Your Spells              Type           Power        Failure   Level  Hunger
a - Magic Dart            Conj           ###.         3%          1    None
b - Call Imp              Summ           ##......     6%          2    ##.....
c - Conjure Flame         Conj/Fire      #.......     21%         3    ###....
A - Blink                 Tloc           N/A          13%         2    ##.....

Your spell library contained the following spells:

 Spells                   Type           Power        Failure   Level  Hunger
 Slow                     Hex            #.......     19%         2    ##.....
 Mephitic Cloud           Conj/Pois/Air  #.......     26%         3    ###....


Dungeon Overview and Level Annotations

Branches:
Dungeon (3/15)

Altars:


Innate Abilities, Weirdness & Mutations

You cannot wear most types of armour.
You are very stealthy in the water. (Stealth+)
You are amphibious.
You can wear up to eight rings at the same time.
You can use your tentacles to constrict eight enemies at once.
Your skin changes colour to match your surroundings (Stealth+).
Your rubbery body absorbs attacks. (AC +1, EV +1)


Message History

Press: ? - help, Shift-Dir - straight line, f - orc
Aim: an orc, wielding a +0 falchion and wearing a +0 ring mail The magic dart hits the orc.
The orc is heavily wounded.
Casting: Magic Dart (safe; 3% risk of failure)
Confirm with . or Enter, or press ? or * to list all spells.
Aiming: Conjure Flame (safe; 21% risk of failure)
Press: ? - help, Dir - move target cursor, p - orc You miscast Conjure Flame.
Fire whirls out from your tentacles! 2 fire vortices come into view.
You barely miss the fire vortex. You hit the fire vortex.
The fire vortex is moderately damaged.
The fire vortex hits you. The fire vortex burns you!
Ouch! That really hurt!
* * * LOW HITPOINT WARNING * * *
The fire vortex dissipates!
Unknown command.
The orc hits you with a +0 falchion!
You die...

#.# #.# #.# ..# #.#
.)############ #.#
#.#..........#####
#.#
#.#.#.########......
#<# #.#)#.# #######
#.# #.#o#.##########
#.# #.#o#..........#
#.# #.#@#..#######.#
#.# #.#.#.## #.# #.#
#.#.#.# #.#
#.########.#.### #.#
#.........#v..#
#.#####
##########.#.##
##).... #.#.# ######
#.#.# ####. #.###
#.....


You could see a fire vortex and 2 orcs.

Vanquished Creatures
  2 orc priests (D:3)
  3 adders (D:2)
  An ooze (D:2)
  4 worms
  2 dart slugs
  4 leopard geckos
  6 orcs (D:3)
  3 giant cockroaches
  6 goblins
  15 hobgoblins
  2 quokkas (D:3)
  2 ball pythons
  11 bats
  4 frilled lizards
  9 kobolds
  6 rats
80 creatures vanquished.

Vanquished Creatures (collateral kills)
  2 hobgoblins
  A kobold (D:2)
  A quokka (D:2)
4 creatures vanquished.

Vanquished Creatures (others)
  A fire vortex (D:3)
1 creature vanquished.

Grand Total: 85 creatures vanquished

Notes
Turn   | Place    | Note
-------+----------+-------------------------------------------
     0 | D:1      | pmoppi the Octopode Wizard began the quest for the Orb.
     0 | D:1      | Reached XP level 1. HP: 11/11 MP: 4/4
   218 | D:1      | Reached skill level 3 in Stealth
   218 | D:1      | Reached XP level 2. HP: 17/17 MP: 3/6
   222 | D:1      | Learned a level 2 spell: Call Imp
   922 | D:1      | Reached XP level 3. HP: 21/21 MP: 3/7
  2395 | D:2      | Noticed a scorpion
  2416 | D:2      | Reached XP level 4. HP: 22/27 MP: 2/8
  2424 | D:2      | Learned a level 3 spell: Conjure Flame
  2429 | D:2      | Learned a level 2 spell: Blink
  3985 | D:2      | Found a faded altar of an unknown god.
  4480 | D:3      | Reached XP level 5. HP: 27/31 MP: 10/10
  4487 | D:3      | Reached skill level 4 in Stealth
  5076 | D:3      | Slain by an orc

Vault maps used:
D:1:      ncdulo_halloftheorcs, minivault_11, minmay_tetromino_l2
D:2:      first_ration, serial_co_window_serial, co_window_corner_a,
          co_window_of_opportunity_a, co_window_corner_a,
          co_window_of_opportunity_a, co_window_corner_a, co_window_corner_b,
          co_window_corner_b, co_window_broadway_c, co_window_corner_b,
          co_window_4corner_a, glass_columns_a, glass_columns_b,
          glass_columns_a, glass_columns_b, chequers_ecumenical_altar_grove,
          lightli_corner_chamber
D:3:      vehumet_crystals, zin_scriptorium, item_on_display_a

Skill      XL: |  1  2  3  4  5 |
---------------+----------------+-----
Stealth        | 3 4 |  4.0
Conjurations   | 2 |  2.9
Summonings     | 2 |  2.6
Dodging        | |  2.8
Spellcasting   | |  3.6
Translocations | |  1.0

Action                   |  1- 3 |  4- 6 || total
-------------------------+-------+-------++-------
Melee: Constrict         |    10 |    12 ||    22
       Unarmed           |     2 |       ||     2
       Dagger            |    24 |       ||    24
       Tentacles         |     3 |     6 ||     9
       Short sword       |     9 |    42 ||    51
       Spear             |       |     8 ||     8
 Cast: Magic Dart        |    84 |    61 ||   145
       Call Imp          |     8 |       ||     8
       Conjure Flame     |       |     4 ||     4
 Stab: Sleeping          |     1 |     1 ||     2
  Eat: Chunk             |     5 |     8 ||    13
Armor: Skin              |     3 |     2 ||     5
Dodge: Dodged            |    21 |    17 ||    38

Table legend:
 A = Non-vault XP
 B = Vault XP
 C = Vault XP percentage of total XP
 D = Non-vault monster count
 E = Vault monster count
 F = Vault count percentage of total count
                 A         B        C        D         E       F
            +---------+---------+-------+---------+---------+-------
      Total |     271 |       6 |   2.2 |      82 |       2 |   2.4
            +---------+---------+-------+---------+---------+-------
        D:1 |      46 |       6 |  11.5 |      29 |       2 |   6.5
        D:2 |      93 |       0 |   0.0 |      29 |       0 |   0.0
        D:3 |     132 |       0 |   0.0 |      24 |       0 |   0.0
            +---------+---------+-------+---------+---------+-------
